Map: Acropolis LE

Players

Calafalas

  • Race: Zerg Zerg
  • Spawn Location: 11:00

pHARM - Winner!

  • Race: Zerg Zerg
  • League: Platinum
  • Spawn Location: 5:00

VOD

Have the link to the VOD?

Description

Time

  • Played on: Aug. 5, 2019, 5:59 p.m.
  • Length: 9:11
Show
View Real Time Build Order
Export as new Build Order

Calafalas Zerg 

Build Orders: Pool First 

Get SALT Encoding   

  12  0:10  Drone  
  13  0:16  Drone  
  13  0:17  Overlord  
  14  0:22  Extractor  
  14  0:24  Drone  
  15  0:31  Extractor x2  
  15  0:33  Drone  
  16  0:42  Drone  
  17  0:48  Spawning Pool  
  16  0:53  Drone  
  16  0:56  Extractor  
  17  1:04  Drone  
  17  1:15  Drone  
  18  1:26  Drone  
  18  1:28  Hatchery  
  18  1:30  Extractor  
  17  1:40  Queen  
  17  1:45  Drone  
  20  1:55  Evolution Chamber, Drone  
  20  2:00  Drone  
  21  2:09  Drone  
  22  2:17  Metabolic Boost  
  22  2:25  Evolution Chamber  
  22  2:29  Zerg Melee Weapons Level 1  
  21  2:38  Drone  
  22  2:51  Drone  
  22  2:52  Drone x3  
  26  3:04  Lair  
  26  3:16  Zerg Ground Armor Level 1  
  26  3:21  Zergling x2  
  26  3:22  Zergling x2  
  26  3:26  Overlord  
  28  3:31  Overlord  
  28  3:40  Overlord  
  28  3:59  Zergling x2  
  28  4:00  Zergling x10  
  34  4:15  Drone x2  
  36  4:26  Zerg Melee Weapons Level 2  
  36  4:27  Infestation Pit  
  36  4:30  Drone  
  36  4:31  Drone  
  37  4:41  Drone x2  
  39  4:46  Drone x2  
  39  4:47  Queen  
  43  5:05  Hive  
  43  5:07  Zergling x2  
  43  5:08  Zergling x6  
  47  5:16  Zergling x4  
  47  5:18  Zerg Ground Armor Level 2  
  49  5:33  Zergling x4  
  51  5:44  Overseer  
  50  6:02  Zergling x8  
  46  6:14  Zergling x2  
  46  6:15  Zergling x12  
  33  6:44  Zergling x2  
  33  6:45  Zergling x16  
  23  7:15  Zergling x4  
  24  7:23  Zergling x2  
  24  7:24  Zergling x2  
  24  7:26  Queen  
  28  7:31  Zergling x2  
  27  8:01  Queen  
  26  8:08  Zergling x2  
  26  8:09  Zergling x4  
  23  8:21  Zergling x2  
  24  8:37  Zergling x2  
  25  8:43  Zergling x6  
Show
View Real Time Build Order
Export as new Build Order

pHARM Zerg - Winner!

Build Orders: Hatch First 

Get SALT Encoding   

  12  0:01  Drone  
  13  0:12  Overlord  
  13  0:19  Drone  
  14  0:32  Drone x2  
  16  0:41  Drone  
  17  0:53  Hatchery  
  16  1:01  Drone  
  17  1:17  Spawning Pool  
  17  1:18  Drone x2  
  18  1:20  Drone  
  19  1:28  Drone  
  20  1:41  Drone  
  21  1:52  Extractor  
  20  2:05  Overlord  
  20  2:07  Drone x2  
  22  2:18  Drone x2  
  24  2:24  Spine Crawler  
  24  2:26  Drone  
  24  2:28  Drone  
  25  2:31  Queen x2  
  29  2:38  Drone  
  29  2:43  Drone  
  31  2:46  Overlord  
  31  2:58  Drone x2  
  33  3:00  Overlord  
  33  3:09  Lair  
  33  3:11  Queen  
  35  3:23  Evolution Chamber  
  34  3:30  Roach Warren  
  34  3:32  Drone x6  
  34  3:33  Evolution Chamber  
  38  3:44  Drone  
  38  3:45  Drone x5  
  44  3:56  Overlord x2  
  44  4:00  Extractor  
  44  4:01  Zerg Missile Weapons Level 1  
  44  4:02  Extractor  
  42  4:04  Drone x2  
  42  4:09  Glial Reconstitution  
  44  4:19  Drone x3  
  47  4:33  Drone  
  47  4:34  Roach x4  
  56  4:43  Overseer  
  56  4:50  Overlord x2  
  56  4:51  Roach x2  
  60  5:11  Roach x2  
  60  5:12  Roach x4  
  60  5:13  Hatchery  
  71  5:23  Roach  
  71  5:24  Roach  
  71  5:26  Overlord x2  
  75  5:52  Roach x4  
  83  6:15  Drone  
  83  6:16  Overlord x2  
  72  6:51  Extractor  
  71  6:54  Zerg Missile Weapons Level 2  
  71  6:55  Infestation Pit, Zerg Ground Armor Level 1  
  71  6:58  Drone  
  71  6:59  Drone x11  
  58  7:24  Roach  
  58  7:25  Roach x10  
  76  7:47  Drone  
  76  7:48  Drone x8  
  74  7:57  Roach  
  74  7:58  Roach x4  
  78  8:17  Roach  
  78  8:18  Roach x8  
  96  8:28  Spine Crawler  
  96  8:29  Spine Crawler x2  
  96  8:32  Spine Crawler  
  92  8:42  Roach  
  92  8:43  Roach x6  
Tags
 
League
Platinum
Matchup
ZvZ
Race
Zerg
Replay Pack
10.7.19
Spawn Locations
Cross Positions
Add a new tag
Caveats
  • Supply blocks, unpowered buildings, or Contaminate may cause inaccurate times.
  • Supply counts are checked every 10 seconds.